AoeStats
← Kez

Oasis

508269073Analyzed
3v3 RM · 11d ago on Sep 21, 2026· 46m 5s· 6 players
Game mode
Random Map
Map size
Normal (6 player)
Population
200
Speed
Normal
Resources
Standard
Victory
Conquest
Starting age
Dark Age
Ending age
Imperial Age
RankedLock teamsTeams togetherTeam positionsShared explorationLock speedFull tech treeHidden civsTurbo modeCheats
Victory
Defeat
🇨🇳 Goths · China
1339
+17
🇸🇪 Chinese · Sweden
1338
+17
🇳🇱 Saracens · Netherlands
1320
+18
🇦🇷 Italians · Argentina
1438
-21
🇦🇷 Inca · Argentina
1331
-16
🇦🇷 Shu · Argentina
1312
-15
Kez
6:53 Loom
9:30 Feudal Age
10:17 Double-Bit Axe
19:18 Fletching
20:24 Horse Collar
24:47 Castle Age
22:50 Gold Mining
24:58 Crossbowman
26:54 Padded Archer Armor
29:36 Bodkin Arrow
34:09 Wheelbarrow
34:14 Stone Mining
35:11 Bow Saw
39:35 Imperial Age
38:15 Hand Cart
37:45 Town Watch
39:16 Leather Archer Armor
39:23 Heavy Plow
42:25 Ballistics
43:09 Two-Man Saw
43:06 Elite Mameluke
44:09 Bracer
46:32 Chemistry
46:29 Conscription
johg0001
0:31 Loom
9:32 Feudal Age
10:52 Double-Bit Axe
15:49 Fletching
16:58 Padded Archer Armor
21:41 Wheelbarrow
21:02 Horse Collar
24:14 Castle Age
24:57 Bodkin Arrow
24:23 Crossbowman
26:39 Gold Mining
34:56 Imperial Age
32:50 Bow Saw
33:10 Leather Archer Armor
34:20 Ballistics
34:54 Thumb Ring
35:41 Bracer
35:10 Arbalester
38:34 Chemistry
41:19 Town Watch
41:49 Hand Cart
42:17 Ring Archer Armor
45:11 Capped Ram
绵绵
6:07 Loom
6:24 Loom
9:03 Feudal Age
9:58 Double-Bit Axe
17:35 Forging
18:43 Wheelbarrow
21:31 Castle Age
20:50 Bloodlines
21:10 Scale Barding Armor
21:35 Light Cavalry
22:21 Town Watch
23:00 Husbandry
25:40 Chain Barding Armor
25:23 Gold Mining
28:10 Iron Casting
31:54 Bow Saw
31:45 Horse Collar
32:39 Heavy Plow
34:19 Hand Cart
41:44 Imperial Age
40:55 Scale Mail Armor
40:55 Stone Mining
41:29 Anarchy
42:26 Chain Mail Armor
42:33 Perfusion
42:59 Squires
46:32 Blast Furnace
Joacoatt
5:39 Loom
10:59 Feudal Age
15:09 Castle Age
13:20 Double-Bit Axe
14:54 Gold Mining
16:14 Bow Saw
16:41 Horse Collar
22:45 Husbandry
23:47 Scale Barding Armor
26:13 Chain Barding Armor
26:36 Wheelbarrow
31:58 Forging
36:51 Imperial Age
39:35 Plate Barding Armor
40:14 Chemistry
CORP_Solano
6:22 Loom
9:17 Feudal Age
10:30 Man-at-Arms
13:17 Fletching
15:03 Double-Bit Axe
18:27 Padded Archer Armor
22:36 Wheelbarrow
24:52 Castle Age
22:50 Horse Collar
23:42 Gold Mining
26:35 Bodkin Arrow
26:00 Crossbowman
27:16 Bow Saw
31:50 Ballistics
37:43 Imperial Age
35:23 Thumb Ring
CORP_Onixraider01
2:36 Loom
3:59 Loom
9:21 Feudal Age
9:42 Champi Runner
20:32 Castle Age
19:14 Double-Bit Axe
20:38 Scale Mail Armor
20:44 Champi Warrior
32:27 Squires
34:16 Horse Collar
35:09 Heavy Plow
35:54 Heavy Plow
36:07 Bow Saw
36:44 Wheelbarrow
36:52 Wheelbarrow
39:02 Gold Mining
39:34 Forging
39:40 Chain Mail Armor
41:08 Stone Mining
42:25 Iron Casting
Connection lost

Rejoining the realm…

Still unreachable

The connection could not be restored.

Session expired

The server has moved on; the page needs a fresh start.